 Dungeon Crawl Stone Soup version 0.27.1 (webtiles) character file.

Game seed: 10195967264180999737

74 Renzlar the Shield-Bearer (level 4, -4/41 HPs)
             Began as a Gnoll Fighter on Aug 29, 2021.
             Killed by divine providence
             ... invoked by an orc priest
              (7 damage)
             ... on level 2 of the Dungeon.
             The game lasted 00:03:19 (1149 turns).

Renzlar the Shield-Bearer (Gnoll Fighter)           Turns: 1149, Time: 00:03:20

Health: -4/41      AC:  7    Str: 16    XL:     4   Next: 28%
Magic:  5/5        EV:  8    Int:  8    God:
Gold:   51         SH: 10    Dex: 11    Spells: 5/5 levels left

rFire    . . .     SeeInvis +   a - +0 war axe
rCold    . . .     Faith    .   i - +0 kite shield
rNeg     . . .     Spirit   .   b - +0 scale mail
rPois    .         Reflect  .   (no helmet)
rElec    .         Harm     .   (no cloak)
rCorr    .         Rampage  .   (no gloves)
Will     .....                  (no boots)
Stlth    ..........             (no amulet)
HPRegen  0.13/turn              o - ring of see invisible
MPRegen  0.09/turn              (no ring)

@: no status effects
A: fangs 1, strong nose, distributed training
a: no special abilities


You were on level 2 of the Dungeon.
You visited 1 branch of the dungeon, and saw 2 of its levels.

You collected 51 gold pieces.

Inventory:

Hand Weapons
 a - a +0 war axe (weapon)
 c - a +0 hunting sling
Missiles
 e - 40 stones (quivered)
 h - 29 bolts
 m - 9 poisoned darts
Armour
 b - a +0 scale mail (worn)
 i - a +0 kite shield (worn)
Jewellery
 l - a +6 ring of intelligence
 o - a ring of see invisible (left hand)
Scrolls
 g - a scroll of holy word {unknown}
 n - a scroll of identify {unknown}
Potions
 d - 4 potions of might
 f - a potion of cancellation {unknown}
 j - a potion of lignification {unknown}
 k - a potion of resistance {unknown}
 p - a potion of flight {unknown}


   Skills:
 + Level 6.6 Fighting
 + Level 1.1 Short Blades
 + Level 1.1 Long Blades
 + Level 4.6 Axes
 + Level 1.1 Maces & Flails
 + Level 1.1 Polearms
 + Level 1.1 Staves
 + Level 1.1 Slings
 + Level 1.1 Bows
 + Level 1.1 Crossbows
 + Level 1.1 Throwing
 + Level 6.6 Armour
 + Level 1.1 Dodging
 + Level 1.1 Stealth
 + Level 6.6 Shields
 + Level 1.1 Unarmed Combat
 + Level 1.1 Spellcasting
 + Level 0.8 Conjurations
 + Level 0.8 Hexes
 + Level 0.8 Summonings
 + Level 0.8 Necromancy
 + Level 0.8 Translocations
 + Level 0.8 Transmutations
 + Level 0.8 Fire Magic
 + Level 0.8 Ice Magic
 + Level 0.8 Air Magic
 + Level 0.8 Earth Magic
 + Level 0.8 Poison Magic
 + Level 1.2 Invocations
 + Level 1.1 Evocations


You had 5 spell levels left.
You didn't know any spells.
Your spell library was empty.

Dungeon Overview and Level Annotations

Branches:
Dungeon (2/15)

Altars:


Innate Abilities, Weirdness & Mutations

You have very sharp teeth.
Your uncanny sense of smell can sniff out nearby items.
Your experience applies equally to all skills.


Message History

You hit the kobold.
You kill the kobold!
The ball python closely misses you. You block the ball python's attack.
The orc barely misses you.
Unknown command.
You hit the ball python.
The ball python is moderately wounded.
You closely miss the orc. The ball python closely misses you.
You block the ball python's attack. The orc hits you but does no damage.
You block the ball python's attack. The ball python completely misses you.
The orc hits you but does no damage.
Unknown command.
You hit the ball python.
You kill the ball python!
You closely miss the orc.
The orc priest calls down the wrath of Beogh upon you.
Pain shoots through your body!
* * * LOW HITPOINT WARNING * * *
The orc hits you but does no damage.
You slash the orc!
You kill the orc!
You slash the orc!
You kill the orc!
You closely miss the orc priest.
The orc priest looks encouraged for a moment.
The orc priest misses you.
You slash the orc priest!
You bite the orc priest, but do no damage.
The orc priest is heavily wounded.
The orc priest hits you with a +0 morningstar!
* * * LOW HITPOINT WARNING * * *
You hit the orc priest.
You bite the orc priest, but do no damage.
The orc priest is heavily wounded.
The orc priest barely misses you.
You slash the orc priest!
The orc priest is almost dead.
The orc priest mumbles some strange prayers to Beogh against you.
Beogh smites you!
You die...

#.....†....#
#....†..#..#
#.......#..#
#.......#..#
#.......#..#
#.......#..#
#.#.#####..#
#........)o#
#.###.####@#
#.......##.#
#.##.....#.#
#.##.###.#.#
..##.# .#.#
#####.# #.# ∆
#.# #.#.#
########.###.#.#
#............#..
..#


You could see an orc priest.

Vanquished Creatures
  An orc wizard (D:2)
  An adder (D:2)
  A worm (D:2)
  2 dart slugs (D:1)
  3 orcs (D:2)
  An endoplasm (D:1)
  2 giant cockroaches
  6 goblins (D:1)
  3 hobgoblins (D:1)
  4 kobolds
  2 ball pythons (D:2)
  A bat (D:1)
  A frilled lizard (D:1)
  A rat (D:1)
29 creatures vanquished.

Notes
Turn   | Place    | Note
-------+----------+-------------------------------------------
     0 | D:1      | Renzlar the Gnoll Fighter began the quest for the Orb.
     0 | D:1      | Reached XP level 1. HP: 23/23 MP: 1/1
   155 | D:1      | Reached XP level 2. HP: 29/29 MP: 2/2
   251 | D:1      | Found a faded altar of an unknown god.
   550 | D:1      | Reached XP level 3. HP: 35/35 MP: 3/3
   973 | D:2      | Reached skill level 1 in Invocations
  1142 | D:2      | Reached skill level 1 in Short Blades
  1142 | D:2      | Reached skill level 1 in Long Blades
  1142 | D:2      | Reached skill level 1 in Maces & Flails
  1142 | D:2      | Reached skill level 1 in Polearms
  1142 | D:2      | Reached skill level 1 in Staves
  1142 | D:2      | Reached skill level 1 in Slings
  1142 | D:2      | Reached skill level 1 in Bows
  1142 | D:2      | Reached skill level 1 in Crossbows
  1142 | D:2      | Reached skill level 1 in Throwing
  1142 | D:2      | Reached skill level 1 in Dodging
  1142 | D:2      | Reached skill level 1 in Stealth
  1142 | D:2      | Reached skill level 1 in Unarmed Combat
  1142 | D:2      | Reached skill level 1 in Spellcasting
  1142 | D:2      | Reached skill level 1 in Evocations
  1142 | D:2      | Reached XP level 4. HP: 24/41 MP: 5/5
  1147 | D:2      | HP: 2/41 [orc priest (10)]
  1149 | D:2      | Killed from afar by an orc priest

Illustrated notes

Levels and vault maps discovered:
D:1:      dpeg_arrival_simpleton_a, layout_basic,
          hellmonk_ecumenical_altar_prayer_group, minmay_tiny_reverse_x
D:2:      layout_basic, grunt_ministairs_1

Skill      XL: |  1  2  3 |
---------------+----------+-----
Invocations    | 1 |  1.2
Short Blades   | 1 |  1.1
Long Blades    | 1 |  1.1
Maces & Flails | 1 |  1.1
Polearms       | 1 |  1.1
Staves         | 1 |  1.1
Slings         | 1 |  1.1
Bows           | 1 |  1.1
Crossbows      | 1 |  1.1
Throwing       | 1 |  1.1
Dodging        | 1 |  1.1
Stealth        | 1 |  1.1
Unarmed Combat | 1 |  1.1
Spellcasting   | 1 |  1.1
Evocations     | 1 |  1.1
Fighting       | |  6.6
Axes           | |  4.6
Armour         | |  6.6
Shields        | |  6.6
Conjurations   | |  0.8
Hexes          | |  0.8
Summonings     | |  0.8
Necromancy     | |  0.8
Translocations | |  0.8
Transmutations | |  0.8
Fire Magic     | |  0.8
Ice Magic      | |  0.8
Air Magic      | |  0.8
Earth Magic    | |  0.8
Poison Magic   | |  0.8

Action                   |  1- 3 |  4- 6 || total
-------------------------+-------+-------++-------
Melee: War axe           |    82 |     8 ||    90
       Bite              |     8 |     2 ||    10
 Fire: Hunting sling     |     1 |       ||     1
Armor: Scale mail        |    23 |     3 ||    26
Dodge: Dodged            |    27 |     6 ||    33
Block: Kite shield       |    49 |     3 ||    52
